 Dungeon Crawl Stone Soup version 0.22.1-2-g9c5b331 (webtiles) character file.

821 nightchill the Cudgeler (level 7, -11/46 HPs)
             Began as a Gargoyle Fighter on Dec 9, 2018.
             Was a Follower of Cheibriados.
             Killed by divine providence
             ... invoked by an orc priest
              (16 damage)
             ... on level 6 of the Dungeon on Dec 12, 2018.
             The game lasted 00:16:52 (5373 turns).

nightchill the Cudgeler (Gargoyle Fighter)          Turns: 5373, Time: 00:16:52

Health: -11/46     AC: 16    Str: 24 (27) XL:     7   Next: 95%
Magic:  8/9        EV: 14    Int: 11 (12) God:    Cheibriados [*.....]
Gold:   259        SH:  9    Dex:  8 (11) Spells: 6/6 levels left

rFire    + . .     SeeInvis .   q - +0 whip
rCold    . . .     Gourm    .   c - +0 shield
rNeg     + . .     Faith    .   C - +2 ring mail {rF+}
rPois    ∞         Spirit   .   (no helmet)
rElec    +         Reflect  .   x - +0 cloak
rCorr    +         Harm     .   l - +2 pair of gloves
MR       .....                  (no boots)
Stlth    ..........             w - amulet of regeneration
HPRegen  0.55/turn              v - ring of resist corrosion
MPRegen  0.11/turn              B - +6 ring of evasion

@: mighty, very slightly contaminated, invisible, very slow
A: negative energy resistance 1, electricity resistance, unbreathing,
petrification resistance, rot immunity, AC +4
a: Bend Time, Renounce Religion


You were on level 6 of the Dungeon.
You worshipped Cheibriados.
Cheibriados was aware of your devotion.
You were not hungry.

You visited 1 branch of the dungeon, and saw 6 of its levels.

You collected 259 gold pieces.

Inventory:

Hand Weapons
 a - a +0 flail
 j - a +0 hunting sling
 q - a +0 whip (weapon)
 y - a +1 hunting sling
Missiles
 i - 109 stones (quivered)
 k - 24 poisoned needles
 A - 22 sling bullets
Armour
 c - a +0 shield (worn)
 l - a +2 pair of gloves (worn)
 x - a +0 cloak (worn)
 C - a +2 ring mail of fire resistance (worn)
Jewellery
 b - an uncursed ring of ice {unknown}
 u - a cursed ring of teleportation {unknown}
 v - a ring of resist corrosion (left hand)
 w - an amulet of regeneration (around neck)
 B - a +6 ring of evasion (right hand)
Wands
 r - a wand of polymorph (20)
 E - a wand of flame (17)
Scrolls
 e - a scroll of magic mapping
 h - a scroll of enchant weapon
 s - a scroll of noise
 t - 2 scrolls of teleportation
Potions
 g - a potion of invisibility
 m - a potion of flight {unknown}
 n - a potion of ambrosia {unknown}
 p - 2 potions of lignification {unknown}
 z - a potion of cancellation {unknown}
 D - a potion of degeneration
Comestibles
 f - 10 rations
 o - 2 chunks of flesh


   Skills:
 + Level 6.0 Fighting
 * Level 7.0 Maces & Flails
 - Level 3.2 Armour
 - Level 3.2 Shields
 + Level 2.6 Invocations


You had 6 spell levels left.
You didn't know any spells.
Your spell library was empty.

Dungeon Overview and Level Annotations

Branches:
Dungeon (6/15)
 Temple: D:4-7

Altars:
Cheibriados
Dithmenos
Okawaru
Trog


Innate Abilities, Weirdness & Mutations

You are resistant to torment.
Your stone body is resilient. (AC +4)
You are immune to poison.
You resist negative energy. (rN+)
You are resistant to electric shocks. (rElec)
You can survive without breathing.
You are immune to petrification.
You are immune to rotting.


Message History

Your Fighting skill increases to level 6!
Your Maces & Flails skill increases to level 7!
You barely miss the orc. You block the orc's attack.
You closely miss the orc.
The orc priest invokes the aid of Beogh against you.
Beogh smites you!
* * * LOW HITPOINT WARNING * * *
It was a potion of invisibility.
You fade into invisibility!
The orc barely misses you.
An orc priest comes into view.
You are very lightly contaminated with residual magic.
It was a potion of degeneration.
There was something very wrong with that liquid.
You feel weakened.
You feel dopey.
You feel clumsy.
The orc priest shouts!
The orc closely misses you.
The orc priest calls down the wrath of Beogh upon you.
Beogh smites you!
You die...

#.......##.......
####.
#................ ....
######........... #..o
#........... #..o
#.........[. #.o.
########....#######
...
............'.....'
#o#########....#######
#.ooo@.........# #
###########....# #
####.# # #.# # #.# #
#.#


You could see 2 orc priests and 2 orcs.

Vanquished Creatures
  An orc warrior (D:6)
  A swamp drake (D:3)
  A phantom (D:4)
  An ogre (D:4)
  A bullfrog (D:6)
  A scorpion (D:4)
  A crimson imp (D:5)
  3 hounds
  A bullfrog skeleton (D:5)
  Ijyb (D:3)
  4 adders
  A gnoll (D:4)
  3 adder skeletons (D:4)
  4 worms
  A dart slug (D:2)
  4 leopard geckos
  5 orcs
  17 giant cockroaches
  9 goblins
  13 hobgoblins
  8 jackals
  2 quokkas
  A ball python (D:3)
  5 bats
  5 frilled lizards
  3 kobolds
  8 rats
105 creatures vanquished.

Vanquished Creatures (others)
  A rat (D:3)
1 creature vanquished.

Grand Total: 106 creatures vanquished

Notes
Turn   | Place    | Note
-------+----------+-------------------------------------------
     0 | D:1      | nightchill the Gargoyle Fighter began the quest for the
                  | Orb.
     0 | D:1      | Reached XP level 1. HP: 14/14 MP: 1/1
   181 | D:1      | Reached XP level 2. HP: 12/19 MP: 2/2
  1006 | D:1      | Reached skill level 3 in Maces & Flails
  1010 | D:1      | Reached XP level 3. HP: 24/24 MP: 3/3
  2276 | D:3      | Reached XP level 4. HP: 21/29 MP: 4/4
  2392 | D:3      | Noticed Ijyb
  2419 | D:3      | Killed Ijyb
  2419 | D:3      | Reached skill level 4 in Maces & Flails
  2775 | D:3      | Noticed Sigmund
  2777 | D:3      | Noticed Sigmund
  2777 | D:3      | Sigmund changed into Sigmund the swamp drake
  2801 | D:3      | Killed Sigmund the swamp drake
  2801 | D:3      | Reached XP level 5. HP: 15/34 MP: 5/5
  3267 | D:3      | Reached skill level 5 in Maces & Flails
  3372 | D:4      | Reached XP level 6. HP: 28/40 MP: 6/6
  3679 | D:3      | Reached skill level 5 in Fighting
  3750 | D:4      | Found a snail-covered altar of Cheibriados.
  3758 | D:4      | Became a worshipper of Cheibriados the Contemplative
  4131 | D:4      | Reached skill level 6 in Maces & Flails
  4131 | D:4      | Reached XP level 7. HP: 43/44 MP: 7/7
  4157 | D:4      | Reached skill level 1 in Invocations
  4158 | D:4      | Noticed Natasha
  4159 | D:4      | Noticed Natasha
  4159 | D:4      | Natasha changed into Natasha the gnoll
  4173 | D:4      | Killed Natasha the gnoll
  4705 | D:5      | Entered Level 5 of the Dungeon
  4713 | D:5      | Found an iron altar of Okawaru.
  4839 | D:5      | Reached * piety under Cheibriados
  4896 | D:5      | Found a shadowy altar of Dithmenos.
  5140 | D:5      | Found a bloodstained altar of Trog.
  5369 | D:6      | Reached skill level 7 in Maces & Flails
  5373 | D:6      | Killed from afar by an orc priest

Skill      XL: |  1  2  3  4  5  6  7 |
---------------+----------------------+-----
Maces & Flails | 3 4 5 6 7 |  7.0
Fighting       | 4 5 6 |  6.0
Invocations    | 2 |  2.6
Armour         | |  3.2
Shields        | |  3.2

Action                   |  1- 3 |  4- 6 |  7- 9 || total
-------------------------+-------+-------+-------++-------
Melee: Flail             |    85 |       |       ||    85
       Whip              |   129 |   250 |   197 ||   576
       Unarmed           |       |     3 |       ||     3
Throw: Stone             |       |       |    16 ||    16
Evoke: Wand              |       |     2 |     1 ||     3
  Use: Potion            |       |     2 |     3 ||     5
       Scroll            |       |     6 |     3 ||     9
  Eat: Chunk             |     5 |     6 |     4 ||    15
Armor: Scale mail        |    99 |     8 |       ||   107
       Ring mail         |       |   107 |    57 ||   164
Dodge: Dodged            |    45 |    47 |    65 ||   157
Block: Shield            |   103 |   104 |    76 ||   283
